 Dungeon Crawl Stone Soup version 0.30.0 (webtiles) character file.

Game seed: 16629015481045610897

4770 Kenran the Grappler (level 10, 0/88 HPs)
             Began as a Minotaur Cinder Acolyte on May 6, 2023.
             Was an Elder of Ignis.
             Slain by Grum
             ... wielding a +0 spear
              (6 damage)
             ... on level 8 of the Dungeon.
             The game lasted 00:20:01 (8159 turns).

Kenran the Grappler (Minotaur Cinder Acolyte)       Turns: 8159, Time: 00:20:02

Health: 0/88       AC: 12    Str: 23    XL:     10   Next: 23%
Magic:  10/10      EV: 11    Int: 11    God:    Ignis [****..]
Gold:   595        SH:  5    Dex:  6    Spells: 11/11 levels left

rFire   + .          .
                       - Unarmed
rCold   + . .        f - +2 buckler
rNeg    . . .        G - +0 acid dragon scales
rPois   .            l - +2 hat
rElec   .            (no cloak)
rCorr   +            d - +0 pair of gloves
SInv    +            r - +1 pair of boots
Will    .....        A - amulet of the acrobat
Stlth   +            v - ring of see invisible
HPRegen 0.34/turn    C - ring of protection from cold
MPRegen 0.12/turn

%: acrobat
@: no status effects
A: horns 2, retaliatory headbutt
a: Renounce Religion, Fiery Armour, Foxfire Swarm, Rising Flame


You were on level 8 of the Dungeon.
You worshipped Ignis.
Ignis was greatly pleased with you.
You visited 2 branches of the dungeon, and saw 9 of its levels.

You collected 595 gold pieces.


Innate Abilities, Weirdness & Mutations

You have a pair of horns on your head.
You reflexively headbutt those who attack you in melee.


   Skills:
 - Level 8.0 Fighting
 - Level 5.0 Armour
 - Level 3.0 Dodging
 - Level 2.0 Shields
 + Level 14.1 Unarmed Combat
 - Level 1.0 Spellcasting
 - Level 2.1 Fire Magic


You had 11 spell levels left.
You didn't know any spells.
Your spell library contained the following spells:

 Spells                   Type           Power      Damage    Failure   Level
 Scorch                   Fire           10%        2d5       30%         2
 Magic Dart               Conj           0%         1d3       43%         1
 Call Imp                 Summ           0%         N/A       58%         2
 Lesser Beckoning         Tloc           0%         N/A       58%         2
 Gell's Gravitas          Tloc           0%         N/A       82%         3
 Mephitic Cloud           Conj/Pois/Air  0%         N/A       82%         3
 Portal Projectile        Hex/Tloc       0%         N/A       82%         3
 Teleport Other           Tloc           0%         N/A       82%         3
 Tukima's Dance           Hex            0%         N/A       82%         3
 Flame Wave               Conj/Fire      2%         2d4       97%         4
 Blade Hands              Tmut           0%         N/A       100%        5
 Summon Cactus Giant      Summ           0%         N/A       100%        6

Inventory:

Missiles
 c - 4 stones (quivered)
 m - 25 poisoned darts
Armour
 d - a +0 pair of gloves (worn)
   (You found it on level 5 of the Dungeon)
 f - a +2 buckler (worn)
   (You found it on level 1 of the Dungeon)
 l - a +2 hat (worn)
   (You found it on level 6 of the Dungeon)
 r - a +1 pair of boots (worn)
   (You found it on level 3 of the Dungeon)
 G - +0 acid dragon scales (worn)
   (You found it on level 6 of the Dungeon)
Jewellery
 v - a ring of see invisible (left hand)
   (You found it on level 3 of the Dungeon)
 A - an amulet of the acrobat (around neck)
   (You found it on level 6 of the Dungeon)
 C - a ring of protection from cold (right hand)
   (You found it on level 4 of the Dungeon)
 D - a +6 ring of dexterity
   (You found it on level 7 of the Dungeon)
 F - a ring of fire
   (You took it off a goblin on level 2 of the Dungeon)
Wands
 e - a wand of flame (20)
   (You took it off Sigmund on level 5 of the Dungeon)
 z - a wand of polymorph (7)
   (You found it on level 6 of the Dungeon)
 I - a wand of digging (7)
   (You found it on level 6 of the Dungeon)
Scrolls
 g - 2 scrolls of teleportation {unknown}
 j - 2 scrolls of immolation {!r!r}
 o - a scroll of vulnerability {unknown}
 p - a scroll of enchant armour {unknown}
 s - 2 scrolls of blinking {unknown}
 t - a scroll of fear
 w - 2 scrolls of fog
 y - a scroll of magic mapping {unknown}
 B - 2 scrolls of amnesia {unknown}
Potions
 a - a potion of curing {@q1}
 b - 4 potions of haste {@q3}
 h - 2 potions of brilliance {unknown}
 i - 2 potions of magic {unknown}
 k - 2 potions of degeneration {unknown}
 n - 3 potions of heal wounds {unknown}
 q - 2 potions of flight {unknown}
 u - 2 potions of lignification {unknown}
 x - a potion of cancellation {unknown}
 E - a potion of might {unknown}
 H - a potion of mutation {unknown}
 J - a potion of berserk rage {unknown}

Dungeon Overview and Level Annotations

Branches:
Dungeon (8/15) Zot: 26463  Temple (1/1) D:4 Zot: 5924
   Lair: D:8-11

Altars:
Ashenzari
Cheibriados
Dithmenos
Elyvilon
Fedhas
Gozag
Hepliaklqana
Kikubaaqudgha
Makhleb
Nemelex Xobeh
Okawaru
Qazlal
Ru
Sif Muna
Trog
Uskayaw
Vehumet
Wu Jian
Xom
Yredelemnul
Zin
The Shining One

Shops:
D:3 =*

Annotations:
D:3 3 runed translucent doors, Floobenga's ghost, weakling SpWr; konerai's ghost, amateur DjIE; rlgrobin's ghost, amateur GrFi
D:8 Grum

#....# #.#### #(...# #######.#
###### #.......# #...# #.#######
#...# #.# #...###.# ####
#...#...# ...# #...#v### ...#
#h..#@# ###### ...# #...#h#
#....# ...# #######.###g#
#.##.### .### #.......h..h#
#......# .###
#†##############..#.#.#####
...###[# #.............#.#.....##
##.....###.###########.#.#####.##
####......##### #...#.......
#...).......#### #####.....##


You could see Grum and 2 wolves.


Message History

You miss the bullfrog.
You headbutt the bullfrog, but do no damage.
You block the bullfrog's attack. The bullfrog barely misses you.
You furiously retaliate!
You headbutt the bullfrog!
You kill the bullfrog!
Your Unarmed Combat skill increases to level 14!
No target in view!
There is a stone staircase leading down here. 2 wolves come into view.
The wolf howls! x2
A wolf comes into view.
The wolf moves out of view.
Grum the Hunter comes into view.
He is wielding a +0 spear.
Grum growls angrily.
The wolf howls!
The wolf bites you but does no damage. The wolf misses you.
You block the wolf's attack. The wolf attacks as you move away!
The wolf misses you. The wolf closely misses you.
You barely miss the wolf. You headbutt the wolf!
The wolf bites you but does no damage. The wolf barely misses you.
You barely miss the wolf. Your headbutt misses the wolf.
The wolf barely misses you. You furiously retaliate!
You headbutt the wolf. You hit the wolf but do no damage.
The wolf barely misses you.
You miss the wolf. Your headbutt misses the wolf. The wolf barely misses you.
The wolf closely misses you.
You miss the wolf. Your headbutt misses the wolf.
The wolf bites you but does no damage. Grum closely misses you.
You pummel the wolf!!
You kill the wolf!
Grum closely misses you. The wolf bites you but does no damage.
You punch the wolf! You block the wolf's attack.
You hit the wolf but do no damage. The wolf bites you.
Grum hits you but does no damage. The wolf bites you. 😕 HP[-3]
You take 3 damage, and now have 85/88 hp.
You miss the wolf.
Grum hits you from afar with a +0 spear.
You block the wolf's attack. 😕 HP[-2]
You take 2 damage, and now have 83/88 hp.
You miss the wolf. You block the wolf's attack. Grum closely misses you.
You barely miss the wolf. Your headbutt misses the wolf.
The wolf barely misses you. You furiously retaliate!
You headbutt the wolf.
Grum hits you from afar with a +0 spear! 😕 HP[-15]
You take 15 damage, and now have 68/88 hp.
You barely miss the wolf. The wolf bites you but does no damage.
The wolf bites you! 😮 HP[-8]
You take 8 damage, and now have 60/88 hp.
You are too injured to fight recklessly!
You are too injured to fight recklessly!
You miss the wolf. Your headbutt misses the wolf.
Grum hits you from afar with a +0 spear.
The wolf bites you. 😮 HP[-8]
You take 8 damage, and now have 52/88 hp.
You miss the wolf. The wolf completely misses you.
Grum hits you from afar with a +0 spear!
* * * LOW HITPOINT WARNING * * *
😨 HP[-14]
You take 14 damage, and now have 38/88 hp.
You block the wolf's attack. 😨 HP[+1]
The wolf barely misses you. You furiously retaliate!
You headbutt the wolf.
Grum hits you from afar with a +0 spear!
* * * LOW HITPOINT WARNING * * *
You block the wolf's attack. 😨 HP[-9]
You take 9 damage, and now have 30/88 hp.
You block the wolf's attack. Grum completely misses you.
The wolf closely misses you. 😨 HP[+1]
You punch the wolf! The wolf barely misses you.
Grum points his finger and shouts, "Duke!
Sic 'em!"
Grum hits you from afar with a +0 spear!
* * * LOW HITPOINT WARNING * * *
😱 HP[-15]
You take 15 damage, and now have 16/88 hp.
Activating: Foxfire Swarm
Press: ? - help, Dir - look around, f - activate Flames leap up around you!
You block the wolf's attack. The wolf bites you but does no damage.
Grum hits you from afar with a +0 spear!
* * * LOW HITPOINT WARNING * * *
😱 HP[-13]
You take 13 damage, and now have 3/88 hp.
The wolf attacks as you move away! The wolf closely misses you.
The foxfire hits Grum.
You block the wolf's attack. 😱 HP[+1]
You feel better. The wolf bites you.
* * * LOW HITPOINT WARNING * * *
Grum hits you but does no damage. You block the wolf's attack. 😱 HP[+4]
You regained 4 hp, and now have 8/88 hp.
You feel better. The wolf bites you!
* * * LOW HITPOINT WARNING * * *
Grum hits you from afar with a +0 spear.
You die...

Skill      XL: |  1  2  3  4  5  6  7  8  9 10 |
---------------+-------------------------------+-----
Unarmed Combat | 4 5 6 7 9 10 11 13 14 | 14.1
Fighting       | 5 7 8 |  8.0
Armour         | 1 3 5 |  5.0
Dodging        | 1 3 |  3.0
Shields        | 1 2 |  2.0
Spellcasting   | |  1.0
Fire Magic     | |  2.1

Action                     |  1- 3 |  4- 6 |  7- 9 | 10-12 || total
---------------------------+-------+-------+-------+-------++-------
  Melee: Unarmed           |    67 |   184 |   242 |    53 ||   546
         Headbutt          |     7 |    25 |    41 |    10 ||    83
  Throw: Dart              |     5 |     3 |     7 |       ||    15
 Invoke: Fiery Armour      |     1 |       |     1 |       ||     2
         Foxfire Swarm     |       |       |     1 |     1 ||     2
  Evoke: Wand              |       |       |     5 |       ||     5
    Use: Scroll            |       |     3 |     2 |     1 ||     6
         Potion            |       |     1 |     1 |     2 ||     4
 Armour: Robe              |     7 |       |       |       ||     7
         Leather armour    |    13 |       |       |       ||    13
         Scale mail        |     3 |    66 |    53 |       ||   122
         Acid dragon scale |       |       |    25 |    17 ||    42
  Dodge: Dodged            |    39 |    59 |   110 |    32 ||   240
  Block: Buckler           |     8 |    25 |    40 |    15 ||    88

Levels and vault maps discovered:
D:1:      kilobyte_arrival_exit_the_forest, layout_rooms,
          minmay_misc_feat_four_crosses, minmay_misc_feat_secret_circle,
          chequers_arboretum
D:2:      layout_basic, uniq_terence
D:3:      layout_basic, mainiacjoe_overflow_chevrons, serial_shops,
          nicolae_shop_stone, shop, gammafunk_ghost_cemetery,
          minmay_large_rounded_square, minmay_diced_spiral
D:4:      layout_loops_corners, mainiacjoe_overflow_brackets,
          minmay_temple_entry_gardened_gates
D:5:      layout_loops_cross, chequers_temple_overflow_minitemple,
          grunt_decor_junction, nicolae_hexahallways, uniq_sigmund,
          uniq_menkaure
D:6:      cheibrodos_barr_body, layout_basic, mainiacjoe_overflow_24_doors,
          minitemple
D:7:      layout_basic, tso_altar, mainiacjoe_overflow_two_lobes,
          corexii_hall_statues_t, serial_park_tiny_1, minmay_between
D:8:      layout_basic, lair_entry_dummy, uniq_joseph, uniq_grum
Temple:   eino_temple_lava

Notes
Turn   | Place    | Note
-------+----------+-------------------------------------------
     0 | D:1      | Kenran the Minotaur Cinder Acolyte began the quest for the
                  | Orb.
     0 | D:1      | Reached XP level 1. HP: 19/19 MP: 1/1
     0 | D:1      | magus.rc [v1.11.6]
   387 | D:1      | Reached XP level 2. HP: 26/26 MP: 2/2
   399 | D:1      | Reached skill level 4 in Unarmed Combat
  1104 | D:2      | Reached XP level 3. HP: 31/31 MP: 3/3
  1162 | D:2      | Noticed Terence
  1188 | D:2      | Killed Terence
  1189 | D:2      | Reached skill level 5 in Unarmed Combat
  1291 | D:2      | Reached XP level 4. HP: 39/39 MP: 4/4
  2122 | D:3      | You add the spells Lesser Beckoning, Gell's Gravitas and
                  | Teleport Other to your library.
  2262 | D:3      | Found a runed translucent gate.
  2262 | D:3      | Found a runed translucent gate.
  2262 | D:3      | Found a runed translucent gate.
  2262 | D:3      | Noticed konerai's ghost (amateur DjIE)
  2262 | D:3      | Noticed Floobenga's ghost (weakling SpWr)
  2271 | D:3      | Noticed rlgrobin's ghost (amateur GrFi)
  2286 | D:3      | Reached skill level 6 in Unarmed Combat
  2367 | D:3      | Found an iron altar of Okawaru.
  2458 | D:3      | Found Vogih's Jewellery Boutique.
  2578 | D:3      | Found Supp's General Store.
  2665 | D:3      | Reached XP level 5. HP: 45/45 MP: 5/5
  2995 | D:4      | Found a white marble altar of Elyvilon.
  3146 | D:4      | Found a staircase to the Ecumenical Temple.
  3155 | Temple   | Entered the Ecumenical Temple
  3291 | D:4      | Reached skill level 7 in Unarmed Combat
  3761 | D:4      | You add the spells Tukima's Dance, Portal Projectile and
                  | Blade Hands to your library.
  3772 | D:4      | Reached XP level 6. HP: 51/51 MP: 6/6
  3919 | D:5      | Entered Level 5 of the Dungeon
  3923 | D:5      | You add the spells Magic Dart, Call Imp and Mephitic Cloud
                  | to your library.
  3975 | D:5      | Noticed Menkaure
  4086 | D:5      | Killed Menkaure
  4087 | D:5      | Reached skill level 8 in Unarmed Combat
  4259 | D:5      | Found a snail-covered altar of Cheibriados.
  4259 | D:5      | Found a hazy altar of Hepliaklqana.
  4264 | D:5      | Found a radiant altar of Vehumet.
  4266 | D:5      | Found a sparkling altar of Nemelex Xobeh.
  4267 | D:5      | Found a faded altar of an unknown god.
  4516 | D:5      | Reached skill level 9 in Unarmed Combat
  4516 | D:5      | Reached XP level 7. HP: 46/57 MP: 7/7
  4827 | D:5      | HP: 1/57 [ogre/+0 giant club (22)]
  5078 | D:5      | Reached skill level 10 in Unarmed Combat
  5094 | D:5      | Reached skill level 4 in Fighting
  5105 | D:5      | Noticed Sigmund
  5126 | D:5      | Killed Sigmund
  5127 | D:5      | Reached skill level 5 in Fighting
  5127 | D:5      | Reached skill level 1 in Armour
  5164 | D:5      | Reached skill level 1 in Dodging
  5164 | D:5      | Reached skill level 1 in Shields
  5164 | D:5      | Reached XP level 8. HP: 68/68 MP: 8/8
  5304 | D:5      | Reached skill level 2 in Armour
  5304 | D:5      | Reached skill level 2 in Dodging
  5304 | D:5      | Reached skill level 2 in Shields
  5370 | D:5      | Reached skill level 3 in Armour
  5504 | D:5      | Reached skill level 3 in Dodging
  5506 | D:5      | HP: 17/68 [poisoned by a water moccasin]
  5511 | D:5      | HP: 12/68 [poisoned by a water moccasin]
  5839 | D:6      | Found a stormy altar of Qazlal.
  5850 | D:6      | Found a burning altar of Makhleb.
  5897 | D:6      | Reached skill level 6 in Fighting
  5951 | D:6      | Reached skill level 7 in Fighting
  5951 | D:6      | Reached skill level 11 in Unarmed Combat
  5958 | D:6      | Reached XP level 9. HP: 61/79 MP: 9/9
  6174 | D:6      | You add the spells Flame Wave and Summon Cactus Giant to
                  | your library.
  6195 | D:6      | Found a shimmering blue altar of Sif Muna.
  6309 | D:6      | Reached skill level 8 in Fighting
  6424 | D:6      | Reached skill level 12 in Unarmed Combat
  6581 | D:6      | Reached skill level 4 in Armour
  7013 | D:7      | Reached skill level 5 in Armour
  7056 | D:7      | Reached skill level 13 in Unarmed Combat
  7234 | D:7      | Reached XP level 10. HP: 88/88 MP: 10/10
  7431 | D:7      | Found a sacrificial altar of Ru.
  7461 | D:7      | Found a broken altar of Ashenzari.
  7581 | D:7      | Found a glowing golden altar of the Shining One.
  7734 | D:8      | Noticed Joseph
  7744 | D:8      | Killed Joseph
  8006 | D:8      | Reached skill level 14 in Unarmed Combat
  8133 | D:8      | Noticed Grum
  8155 | D:8      | HP: 16/88 [Grum/+0 spear (15)]
  8156 | D:8      | HP: 3/88 [Grum/+0 spear (13)]
  8159 | D:8      | Slain by Grum

Vanquished Creatures
  Joseph (D:8)
  Sigmund (D:5)
  3 yaks (D:6)
  Menkaure (D:5)
  An acid dragon (D:6)
  2 water moccasins
  3 sky beasts
  4 ice beasts
  3 black bears (D:6)
  6 ogres
  An orc warrior (D:7)
  3 centaurs
  A wolf (D:8)
  A gnoll sergeant (D:5)
  4 bullfrogs
  3 scorpions
  8 howler monkeys
  2 jellies (D:6)
  3 orc priests
  3 hounds
  A sleepcap (D:7)
  Terence (D:2)
  3 iguanas (D:6)
  6 orc wizards
  3 gnolls (D:5)
  11 adders
  2 shadow imps
  2 white imps
  An ufetubus (D:6)
  3 worms
  4 dart slugs
  18 orcs
  4 bats
  9 endoplasms
  4 giant cockroaches
  8 goblins
  10 hobgoblins
  9 jackals
  A quokka (D:4)
  6 ball pythons
  5 frilled lizards
  5 kobolds
  5 rats
175 creatures vanquished.

Vanquished Creatures (others)
  21 foxfires
  4 withered plants (D:3)
25 creatures vanquished.

Grand Total: 200 creatures vanquished

Table legend:
 A = Non-vault XP
 B = Vault XP
 C = Vault XP percentage of total XP
 D = Non-vault monster count
 E = Vault monster count
 F = Vault count percentage of total count
                 A         B        C        D         E       F
            +---------+---------+-------+---------+---------+-------
      Total |    4699 |    2116 |  31.0 |     153 |      22 |  12.6
            +---------+---------+-------+---------+---------+-------
        D:1 |      35 |       0 |   0.0 |      19 |       0 |   0.0
        D:2 |      64 |      36 |  36.0 |      22 |       1 |   4.3
        D:3 |      58 |       7 |  10.8 |      24 |       2 |   7.7
        D:4 |     192 |       0 |   0.0 |      17 |       0 |   0.0
        D:5 |    1192 |     395 |  24.9 |      21 |       2 |   8.7
        D:6 |    1716 |     775 |  31.1 |      19 |      12 |  38.7
        D:7 |     812 |     349 |  30.1 |      21 |       3 |  12.5
        D:8 |     630 |     554 |  46.8 |      10 |       2 |  16.7
            +---------+---------+-------+---------+---------+-------

Skill      XL: |  1  2  3  4  5  6  7  8  9 10 |
---------------+-------------------------------+-----
Unarmed Combat | 4 5 6 7 9 10 11 13 14 | 14.1
Fighting       | 5 7 8 |  8.0
Armour         | 1 3 5 |  5.0
Dodging        | 1 3 |  3.0
Shields        | 1 2 |  2.0
Spellcasting   | |  1.0
Fire Magic     | |  2.1

Action                     |  1- 3 |  4- 6 |  7- 9 | 10-12 || total
---------------------------+-------+-------+-------+-------++-------
  Melee: Unarmed           |    67 |   184 |   242 |    53 ||   546
         Headbutt          |     7 |    25 |    41 |    10 ||    83
  Throw: Dart              |     5 |     3 |     7 |       ||    15
 Invoke: Fiery Armour      |     1 |       |     1 |       ||     2
         Foxfire Swarm     |       |       |     1 |     1 ||     2
  Evoke: Wand              |       |       |     5 |       ||     5
    Use: Scroll            |       |     3 |     2 |     1 ||     6
         Potion            |       |     1 |     1 |     2 ||     4
 Armour: Robe              |     7 |       |       |       ||     7
         Leather armour    |    13 |       |       |       ||    13
         Scale mail        |     3 |    66 |    53 |       ||   122
         Acid dragon scale |       |       |    25 |    17 ||    42
  Dodge: Dodged            |    39 |    59 |   110 |    32 ||   240
  Block: Buckler           |     8 |    25 |    40 |    15 ||    88

Illustrated notes

Table legend:
 A = Kills in this place as a percentage of kills in the entire game.
 B = Kills by you in this place as a percentage of kills by you in the entire game.
 C = Kills by friends in this place as a percentage of kills by friends in the entire game.
 D = Other kills in this place as a percentage of other kills in the entire game.
 E = Experience gained in this place as a percentage of experience gained in the entire game.
 F = Experience gained in this place divided by the number of levels of this place that you have seen.
                   A       B       C       D       E      F
               +-------+-------+-------+-------+-------+----------------------
         Total | 100.0 | 100.0 |   N/A |   N/A | 100.0 | 757.2
       Dungeon | 100.0 | 100.0 |   N/A |   N/A | 100.0 | 851.9
               +-------+-------+-------+-------+-------+----------------------

Table legend: (Time is in decaauts)
 A = Elapsed time spent in this place.
 B = Non-inter-level travel time spent in this place.
 C = Inter-level travel time spent in this place.
 D = Time resting spent in this place.
 E = Time spent auto-exploring this place.
 F = Levels seen in this place.
 G = Mean time per level.
                   A        B        C        D        E       F      G
               +--------+--------+--------+--------+--------+-----+--------+
         Total |   8093 |   7846 |    247 |    964 |   4738 |   9 |  899.2 |
       Dungeon |   8018 |   7773 |    245 |    964 |   4678 |   8 | 1002.2 |
        Temple |     75 |     73 |      2 |      0 |     60 |   1 |   75.0 |
               +--------+--------+--------+--------+--------+-----+--------+

Top non-repeatable levels by time:
     D:5: 1672 daAuts
     D:6: 1237 daAuts
     D:2: 1101 daAuts
     D:4: 1014 daAuts
     D:1: 965 daAuts
     D:3: 838 daAuts
     D:7: 653 daAuts
     D:8: 535 daAuts
  Temple: 75 daAuts
